 Dungeon Crawl Stone Soup version 0.31-a0-819-gf6de2f5ab6 (webtiles) character file.

Game seed: 9923429994167254326

80 qw the Shooter (level 4, 0/28 HPs)
             Began as a Gargoyle Hunter on Sept 23, 2023.
             Slain by Edmund
             ... wielding a +4 flail of draining
              (4 damage)
             ... on level 4 of the Dungeon.
             The game lasted 00:00:44 (2035 turns).

qw the Shooter (Gargoyle Hunter)                    Turns: 2035, Time: 00:00:44

Health: 0/28       AC: 11    Str: 15    XL:     4   Next: 39%
Magic:  4/4        EV: 11    Int:  9    God:
Gold:   198        SH:  0    Dex: 15    Spells: 3/3 levels left

rFire   . . .        Y - +1 shortbow
rCold   . . .        (shield currently unavailable)
rNeg    + . .        o - +0 ring mail
rPois   inf          (no helmet)
rElec   +            (no cloak)
rCorr   .            j - +0 pair of gloves
SInv    .            c - +1 pair of boots "Maell" {+Blink}
Will    .....        (no amulet)
Stlth   +            (no ring)
HPRegen 0.24/turn    (no ring)
MPRegen 0.09/turn

%: no passive effects
@: no status effects
A: sickness immunity, AC +3, negative energy resistance 1, electricity
resistance, torment resistance 1, petrification resistance
a: Evoke Blink


You were on level 4 of the Dungeon.
You visited 1 branch of the dungeon, and saw 4 of its levels.

You collected 198 gold pieces.


Innate Abilities, Weirdness & Mutations

You are immune to sickness and miasma.
Your stone body is resilient. (AC +3)
You are immune to poison.
You resist negative energy. (rN+)
You are resistant to electric shocks. (rElec)
You are resistant to unholy torment.
You are immune to petrification.


   Skills:
 - Level 3.0 Fighting
 + Level 5.2 Ranged Weapons
 - Level 1.1 Armour
 - Level 1.5 Dodging
 - Level 1.1 Stealth


You had 3 spell levels left.
You didn't know any spells.
Your spell library was empty.

Inventory:

Hand Weapons
 Y - a +1 shortbow (weapon)
Armour
 c - the +1 pair of boots "Maell" (worn) {+Blink}
   (You acquired it on level 2 of the Dungeon)

   +Blink:    It lets you blink.
 j - a +0 pair of gloves (worn)
 o - a +0 ring mail (worn)
Scrolls
 f - a scroll of identify
Potions
 d - a potion of enlightenment {unknown}
 e - a potion of berserk rage {unknown}
 g - a potion of invisibility {unknown}
 h - a potion of curing
 l - a potion of heal wounds {unknown}
 m - a potion of mutation {unknown}
 p - a potion of haste {unknown}

Dungeon Overview and Level Annotations

Branches:
Dungeon (4/15)
 Temple: D:4-7

Altars:
Cheibriados
Fedhas
Hepliaklqana
Nemelex Xobeh

Annotations:
D:4 Edmund


Message History

Your +0 ring mail melds into your body.
Your roots penetrate the ground.
You start resting.
Your transformation is almost over.
You feel less wooden.
HP restored.
Your +0 pair of gloves unmelds from your body.
The +1 pair of boots "Maell" {+Blink} unmelds from your body.
Your +0 ring mail unmelds from your body.
Done exploring.
2019 ||| DRINKING 2 amethyst potions.
It was a potion of curing.
You feel better.
Done exploring.
2020 ||| DROPPING potion of lignification.
You drop a potion of lignification.
Done exploring.
2021 ||| DROPPING 2 scrolls of blinking.
You drop 2 scrolls of blinking.
Done exploring.
What level of the Dungeon? (default 3, ? - help)
There is a stone staircase leading down here.
You climb downwards.
Edmund shouts!
Found a stone staircase leading down.
There is a stone staircase leading up here.
Edmund is nearby!
Waypoint 3 assigned to D:4.
You shoot an arrow. The arrow barely misses Edmund.
You shoot an arrow. The arrow barely misses Edmund.
You shoot an arrow. The arrow barely misses Edmund.
You shoot an arrow. The arrow barely misses Edmund.
Edmund hits you with a +4 flail of draining! x2
You shoot an arrow.
The arrow hits Edmund but does no damage.
Edmund misses you.
You shoot an arrow. The arrow barely misses Edmund.
Edmund hits you with a +4 flail of draining.
You shoot an arrow.
The arrow hits Edmund but does no damage.
Edmund hits you with a +4 flail of draining.
You die...
Edmund says, "I'd like to see a scythe do that!"

#########
#.......#
#.....>.#
#.......#
#.@.....+
#@......#
...#######
.....
..#.... .
#....
###+#


You could see Edmund.

Vanquished Creatures
  A gnoll (D:1)
  An adder (D:3)
  2 worms (D:3)
  2 dart slugs
  4 orcs (D:3)
  5 ball pythons
  3 endoplasms
  3 giant cockroaches (D:1)
  5 goblins
  6 hobgoblins
  2 kobolds
  7 bats
  2 frilled lizards
  A rat (D:1)
44 creatures vanquished.

Notes
Turn   | Place    | Note
-------+----------+-------------------------------------------
     0 | D:1      | qw the Gargoyle Hunter began the quest for the Orb.
     0 | D:1      | Reached XP level 1. HP: 12/12 MP: 1/1
     0 | D:1      | 0 ||| qw: Version: 0.3-a-83-gcd0e7d8
     0 | D:1      | 0 ||| qw: Game counter: 1624
     0 | D:1      | 0 ||| qw: Melee chars always use a shield: true
     0 | D:1      | 0 ||| qw: God list: Okawaru
     0 | D:1      | 0 ||| qw: Allow faded altars: false
     0 | D:1      | 0 ||| qw: Do Orc after clearing Dungeon:15 true
     0 | D:1      | 0 ||| qw: Do second Lair branch before Depths: true
     0 | D:1      | 0 ||| qw: Lair rune preference: random
     0 | D:1      | 0 ||| qw: Goals: Normal
     0 | D:1      | 0 ||| PLANNING D:1-11
   114 | D:1      | Reached XP level 2. HP: 14/17 MP: 2/2
   207 | D:1      | Reached XP level 3. HP: 21/21 MP: 3/3
   396 | D:1      | Reached skill level 5 in Ranged Weapons
   611 | D:1      | 611 ||| UPGRADING to +0 pair of gloves.
   616 | D:1      | 616 ||| DROPPING +6 ring of intelligence.
   617 | D:1      | 617 ||| READING scroll labelled KACILU GOAFEO.
   618 | D:1      | 618 ||| READING 2 scrolls labelled DATWOW SOSTINO.
   619 | D:1      | 619 ||| READING scroll labelled KATHRO APOK.
   620 | D:1      | 620 ||| READING scroll labelled QIEPTUH XASHIR.
   624 | D:1      | 624 ||| DROPPING scroll of butterflies.
  1123 | D:2      | 1123 ||| UPGRADING to +0 ring mail.
  1133 | D:2      | 1133 ||| DROPPING +0 leather armour.
  1134 | D:2      | 1134 ||| READING scroll labelled MIKEOQ OSHE.
  1134 | D:2      | Identified a scroll of acquirement
  1134 | D:2      | 1134 ||| ACQUIRING +1 pair of boots "Maell" {+Blink}
  1134 | D:2      | Acquired the +1 pair of boots "Maell" {+Blink}
  1136 | D:2      | 1136 ||| UPGRADING to +1 pair of boots "Maell" {+Blink}.
  1141 | D:2      | 1141 ||| READING scroll labelled RUMITYEHIS.
  1142 | D:2      | 1142 ||| READING scroll labelled FEAZUD BIABAF.
  1143 | D:2      | 1143 ||| READING 3 scrolls labelled ISCHAZX FONUSAI.
  1144 | D:2      | 1144 ||| READING scroll labelled COLOM NOSOU.
  1145 | D:2      | 1145 ||| READING scroll labelled GAIVEU TAFU.
  1146 | D:2      | 1146 ||| READING 2 scrolls of identify.
  1146 | D:2      | 1146 ||| IDENTIFYING smoky golden potion
  1147 | D:2      | 1147 ||| DROPPING potion of brilliance.
  1148 | D:2      | 1148 ||| DROPPING 2 scrolls of poison.
  1286 | D:3      | Reached skill level 1 in Armour
  1338 | D:3      | Reached XP level 4. HP: 27/27 MP: 4/4
  1370 | D:3      | Reached skill level 3 in Fighting
  1631 | D:3      | Found a hazy altar of Hepliaklqana.
  1631 | D:3      | Found a sparkling altar of Nemelex Xobeh.
  1639 | D:3      | Found a blossoming altar of Fedhas.
  1641 | D:3      | Found a faded altar of an unknown god.
  1643 | D:3      | Found a snail-covered altar of Cheibriados.
  1867 | D:3      | 1867 ||| READING scroll labelled QEMMAC LAE.
  1868 | D:3      | 1868 ||| READING 3 scrolls labelled BITOUNK YSTRIA.
  1869 | D:3      | 1869 ||| READING scroll labelled MORANU PEMOGUU.
  1970 | D:3      | 1970 ||| DRINKING 2 fizzy purple potions.
  2019 | D:3      | 2019 ||| DRINKING 2 amethyst potions.
  2020 | D:3      | 2020 ||| DROPPING potion of lignification.
  2021 | D:3      | 2021 ||| DROPPING 2 scrolls of blinking.
  2028 | D:4      | Noticed Edmund
  2034 | D:4      | HP: 4/28 [Edmund/+4 flail of draining (6)]
  2035 | D:4      | Slain by Edmund

Levels and vault maps discovered:
D:1:      dpeg_arrival_circle_labyrinth_c, layout_rooms
D:2:      layout_rooms, minmay_tetromino_l4
D:3:      layout_loops_ring, chequers_temple_overflow_minitemple,
          dk_noncrumbling_2
D:4:      layout_gridville, nicolae_shop_overcharged_wands, uniq_edmund

Skill      XL: |  1  2  3  4 |
---------------+-------------+-----
Ranged Weapons | 5 |  5.2
Armour         | 1 |  1.1
Fighting       | 3 |  3.0
Dodging        | |  1.5
Stealth        | |  1.1

Action                     |  1- 3 |  4- 6 || total
---------------------------+-------+-------++-------
   Fire: Shortbow          |    89 |    34 ||   123
    Use: Scroll            |    11 |     3 ||    14
         Potion            |       |     2 ||     2
 Armour: Leather armour    |    12 |       ||    12
         Ring mail         |     7 |    12 ||    19
  Dodge: Dodged            |    19 |     8 ||    27

Table legend:
 A = Non-vault XP
 B = Vault XP
 C = Vault XP percentage of total XP
 D = Non-vault monster count
 E = Vault monster count
 F = Vault count percentage of total count
                 A         B        C        D         E       F
            +---------+---------+-------+---------+---------+-------
      Total |     108 |       7 |   6.1 |      40 |       4 |   9.1
            +---------+---------+-------+---------+---------+-------
        D:1 |      47 |       0 |   0.0 |      19 |       0 |   0.0
        D:2 |       9 |       7 |  43.8 |       5 |       4 |  44.4
        D:3 |      52 |       0 |   0.0 |      16 |       0 |   0.0
            +---------+---------+-------+---------+---------+-------
